 Dungeon Crawl Stone Soup version 0.18-a0-1343-g48c8f86 (webtiles) character file.

93 namelastname112 the Insei (level 4, -1/38 HPs)
             Began as a Draconian Monk on Feb 16, 2016.
             Killed by Freeze
             ... invoked by telcontar's ghost
              (6 damage)
             ... on level 3 of the Dungeon.
             The game lasted 00:02:39 (2092 turns).

namelastname112 the Insei (Draconian Monk)          Turns: 2092, Time: 00:02:39

Health: -1/38      AC:  8    Str: 14    XL:     4   Next: 37%
Magic:  4/4        EV: 13    Int: 15    God:
Gold:   129        SH:  0    Dex: 16    Spells: 0 memorised, 3 levels left

rFire  . . .     SeeInvis .     g - +1 short sword (elec)
rCold  . . .     Gourm    +     (armour unavailable)
rNeg   . . .     Faith    .     (no shield)
rPois  .         Spirit   .     (helmet restricted)
rElec  .         Dismiss  .     (no cloak)
rCorr  .         Reflect  .     d - +2 pair of gloves
SustAt .         Harm     .     (no boots)
MR     .....                    m - amulet of the gourmand
Stlth  ++........               (no ring)
                                (no ring)

@: brilliant, lethally poisoned (-1 -> -18), not resistant to hostile
enchantments, unstealthy
A: unfitting armour, hooves 1, agile 1, cold-blooded, subdued magic 1, AC +5
a: no special abilities


You were on level 3 of the Dungeon.
You were not hungry.

You visited 1 branch of the dungeon, and saw 3 of its levels.

You collected 129 gold pieces.

Inventory:

Hand Weapons
 g - a +1 short sword of electrocution (weapon)
Armour
 d - a +2 pair of gloves (worn)
Jewellery
 m - an amulet of the gourmand (around neck)
Scrolls
 e - 3 scrolls of identify {unknown}
 f - a scroll of remove curse {unknown}
 h - a scroll of enchant armour {unknown}
 i - 2 scrolls of immolation {unknown}
 k - a scroll of fear {unknown}
 l - a scroll of amnesia {unknown}
 n - 2 scrolls of teleportation {unknown}
 o - a scroll of magic mapping {unknown}
Comestibles
 a - 4 bread rations
 j - a slice of pizza
 p - 2 fruits


   Skills:
 - Level 3.2 Fighting
 - Level 2.6 Dodging
 - Level 1.7 Stealth
 + Level 5.9 Unarmed Combat


You had 3 spell levels left.
You didn't know any spells.

Dungeon Overview and Level Annotations

Branches:
Dungeon (3/15)

Altars:
Okawaru
Pakellas

Annotations:
D:3 telcontar's ghost, weakling DrIE


Innate Abilities, Weirdness & Mutations

Your plain brown scales are hard (AC +5).
Your body does not fit into most forms of armour.
You are cold-blooded and may be slowed by cold attacks.
You have large cloven feet.
You are agile. (Dex +2)
Your spells are a little easier to cast, but a little less powerful.


Message History

* * * LOW HITPOINT WARNING * * *
You are lethally poisoned!
Unknown command.
Drink which item? (? for menu, Esc to quit)
It was a potion of mutation.
You feel extremely strange.
Your connection to magic feels subdued.
You feel agile.
Your feet thicken and deform.
* * * LOW HITPOINT WARNING * * *
You feel sick.
Telcontar's ghost gestures at you while chanting.
You are frozen.
* * * LOW HITPOINT WARNING * * *
Drink which item? (? for menu, Esc to quit)
It was a potion of brilliance.
You feel clever all of a sudden.
* * * LOW HITPOINT WARNING * * *
You feel sick.
Telcontar's ghost gestures at you while chanting.
You are frozen.
You die...

#####.# .######## #.....#
........####.###.#
.............# #.# ##
.#########.###### #.# #.
.........#.########.#####.
.#######................#.
#########.####.....###.#.
......oW@.# #.....# #.#.
.......#### #.....# #.#.
....... ...#.....###.#.
....... ........)......
....... ##.#####.###.#.
....... # #.# #.#. .......
#.# #.#. .#..... #.# #.#.
#.# #.#.


You could see telcontar's ghost and an orc.

Vanquished Creatures
  3 adders
  2 oozes
  A giant gecko (D:3)
  6 orcs (D:3)
  3 giant cockroaches
  4 goblins
  7 hobgoblins
  2 quokkas (D:2)
  A ball python (D:2)
  2 bats (D:2)
  5 giant newts
  9 kobolds
  6 rats
51 creatures vanquished.

Notes
Turn   | Place    | Note
--------------------------------------------------------------
     0 | D:1      | namelastname112 the Draconian Monk began the quest for the Orb.
     0 | D:1      | Reached XP level 1. HP: 19/19 MP: 1/1
   293 | D:1      | Reached XP level 2. HP: 24/26 MP: 2/2
   891 | D:2      | Reached skill level 5 in Unarmed Combat
   891 | D:2      | Reached XP level 3. HP: 31/31 MP: 3/3
   910 | D:2      | Found an iron altar of Okawaru.
   934 | D:2      | You fall through a shaft!
   994 | D:3      | Noticed telcontar's ghost (weakling DrIE)
  1198 | D:3      | Found an oddly glowing altar of Pakellas.
  1373 | D:2      | Reached XP level 4. HP: 31/38 MP: 4/4
  2091 | D:3      | Gained mutation: Your spells are a little easier to cast, but a little less powerful. [potion of mutation]
  2091 | D:3      | Gained mutation: You are agile. (Dex +2) [potion of mutation]
  2091 | D:3      | Gained mutation: You have large cloven feet. [potion of mutation]
  2092 | D:3      | Killed from afar by telcontar's ghost

Vault maps used:
D:1:      sevenhm_arrival_forest_fort_large_2
D:2:      okawaru_trees_1
D:3:      overflow_temple_1_default, lemuel_round_altar

Action                   |  1- 3 |  4- 6 || total
-------------------------+-------+-------++-------
Melee: Unarmed           |    34 |       ||    34
       Short sword       |    85 |    24 ||   109
  Use: Potion            |       |     2 ||     2
 Stab: Sleeping          |     5 |     2 ||     7
  Eat: Chunk             |     1 |     3 ||     4
